 Dungeon Crawl Stone Soup version 0.30.0-2-g1aa4bd4387 (webtiles) character file.

Game seed: 2620670634345873995

39 Jarnaxa the Trooper (level 3, -6/29 HPs)
             Began as a Demonspawn Fighter on May 7, 2023.
             Mangled by Natasha (8 damage)
             ... on level 2 of the Dungeon.
             The game lasted 00:01:18 (814 turns).

Jarnaxa the Trooper (Demonspawn Fighter)             Turns: 814, Time: 00:01:18

Health: -6/29      AC:  6    Str: 18    XL:     3   Next: 26%
Magic:  3/3        EV:  9    Int:  9    God:
Gold:   88         SH:  4    Dex: 12    Spells: 2/2 levels left

rFire   . . .        a - +0 long sword
rCold   . . .        c - +0 buckler
rNeg    . . .        b - +0 scale mail
rPois   .            (no helmet)
rElec   .            (no cloak)
rCorr   .            (no gloves)
SInv    .            (no boots)
Will    .....        (no amulet) Stlth
                     (no ring)
HPRegen 0.24/turn    (no ring)
MPRegen 0.08/turn

%: no passive effects
@: mighty
A: claws 1, demonic magic 1
a: no special abilities


You were on level 2 of the Dungeon.
You visited 1 branch of the dungeon, and saw 2 of its levels.

You collected 88 gold pieces.

Inventory:

Hand Weapons
 a - a +0 long sword (weapon)
Armour
 b - a +0 scale mail (worn)
 c - a +0 buckler (worn)
Scrolls
 f - a scroll of noise {unknown}
 g - a scroll of fog {unknown}
 h - a scroll of identify {unknown}
 i - a scroll of magic mapping {unknown}
 j - a scroll of enchant armour {unknown}
Potions
 e - a potion of attraction {unknown}


   Skills:
 + Level 3.2 Fighting
 + Level 2.3 Long Blades
 + Level 3.2 Armour
 + Level 2.9 Shields


You had 2 spell levels left.
You didn't know any spells.
Your spell library contained the following spells:

 Spells                   Type           Power      Damage    Failure   Level
 Magic Dart               Conj           0%         1d3       85%         1
 Call Imp                 Summ           0%         N/A       94%         2
 Mephitic Cloud           Conj/Pois/Air  0%         N/A       99%         3


Dungeon Overview and Level Annotations

Branches:
Dungeon (2/15)

Altars:
Xom

Annotations:
D:2 Natasha


Innate Abilities, Weirdness & Mutations

You have sharp fingernails.
Spells you cast may paralyse adjacent enemies.


Message History

The cerulean imp hits you from afar with a +2 spear.
You block the cerulean imp's attack.
You are too injured to fight recklessly!
You are too injured to fight recklessly!
You are too injured to fight recklessly!
You are too injured to fight recklessly!
You are too injured to fight recklessly!
You are too injured to fight recklessly!
You are too injured to fight recklessly!
You are too injured to fight recklessly!
You are too injured to fight recklessly!
You are too injured to fight recklessly!
You hit Natasha.
Natasha is moderately wounded.
Natasha claws you but does no damage.
The cerulean imp hits you from afar with a +2 spear.
* * * LOW HITPOINT WARNING * * *
The cerulean imp hits you from afar with a +4 spear.
* * * LOW HITPOINT WARNING * * *
Natasha barely misses you.
The cerulean imp hits you from afar with a +2 spear.
* * * LOW HITPOINT WARNING * * *
You closely miss Natasha.
Natasha is moderately wounded.
The cerulean imp barely misses you.
The cerulean imp hits you but does no damage.
Natasha claws you but does no damage.
You feel very mighty all of a sudden.
The cerulean imp hits you from afar with a +4 spear.
* * * LOW HITPOINT WARNING * * *
The cerulean imp closely misses you. You block Natasha's attack.
You closely miss Natasha.
Natasha is moderately wounded.
You block the cerulean imp's attack.
The cerulean imp hits you from afar with a +2 spear.
* * * LOW HITPOINT WARNING * * *
Natasha wildly gestures.
Natasha shimmers violently.
Natasha claws you!
You die...

#..........#
#..........#
#..........######
#
#...............#
.#
#.........#####.#
..# #.........#
#.# ...#
########.## #.#
._..# #.#
#.###.[...# ..#
#.@h5...?(# ####
####5....##
######


You could see Natasha and 2 cerulean imps.

Vanquished Creatures
  A worm (D:2)
  2 dart slugs
  5 ball pythons (D:1)
  4 bats (D:1)
  An endoplasm (D:1)
  A giant cockroach (D:1)
  3 goblins (D:1)
  A hobgoblin (D:1)
  7 kobolds (D:1)
  A quokka (D:1)
  A frilled lizard (D:1)
  4 rats (D:1)
31 creatures vanquished.

Notes
Turn   | Place    | Note
-------+----------+-------------------------------------------
     0 | D:1      | Jarnaxa the Demonspawn Fighter began the quest for the Orb.
     0 | D:1      | Reached XP level 1. HP: 18/18 MP: 1/1
   186 | D:1      | Discovered your monstrous ancestry.
   186 | D:1      | Gained mutation: You have sharp fingernails. [demonic
                  | ancestry]
   186 | D:1      | Reached XP level 2. HP: 24/24 MP: 2/2
   591 | D:1      | Gained mutation: Spells you cast may paralyse adjacent
                  | enemies. [demonic ancestry]
   591 | D:1      | Reached XP level 3. HP: 29/29 MP: 3/3
   803 | D:2      | Noticed Natasha
   804 | D:2      | Found a shimmering altar of Xom.
   814 | D:2      | Mangled by Natasha

Illustrated notes

Levels and vault maps discovered:
D:1:      shiori_arrival_oz, layout_basic
D:2:      layout_basic, basic_altar, shapermc_ecumenical_altar_rom_forum,
          minmay_joined_circles, uniq_natasha

Skill      XL: |  1  2 |
---------------+-------+-----
Long Blades    | 2 |  2.3
Armour         | 3 |  3.2
Fighting       | |  3.2
Shields        | |  2.9

Action                     || total
---------------------------++-------
  Melee: Long sword        ||    85
    Use: Potion            ||     1
 Armour: Scale mail        ||    47
  Dodge: Dodged            ||    39
  Block: Buckler           ||    25
